 Dungeon Crawl Stone Soup version 0.25-a0-200-g5ba96148f3 (webtiles) character file.

Game seed: 9273225270992617198, levelgen mode: deterministic

73 floatRand the Slasher (level 3, -10/29 HPs)
             Began as a Demigod Skald on Dec 1, 2019.
             Killed by divine providence
             ... invoked by an orc priest
              (12 damage)
             ... on level 3 of the Dungeon.
             The game lasted 00:02:49 (3122 turns).

floatRand the Slasher (Demigod Skald)               Turns: 3122, Time: 00:02:50

Health: -10/29     AC:  5    Str: 16    XL:     3   Next: 83%
Magic:  8/8        EV: 12    Int: 17    God:
Gold:   96         SH:  0    Dex: 15    Spells: 4/5 levels left

rFire    . . .     SeeInvis .   a - +0 falchion
rCold    . . .     Gourm    .   (no shield)
rNeg     . . .     Faith    .   b - +0 leather armour
rPois    .         Spirit   .   m - +0 helmet
rElec    .         Reflect  .   n - +0 cloak (curse)
rCorr    .         Harm     .   (no gloves)
MR       .....                  (no boots)
Stlth    +.........             (no amulet)
HPRegen  0.09/turn              (no ring)
MPRegen  0.11/turn              (no ring)

@: no status effects
A: high mp 1
a: no special abilities


You were on level 3 of the Dungeon.
You were not hungry.

You visited 1 branch of the dungeon, and saw 3 of its levels.

You collected 96 gold pieces.

Inventory:

Hand Weapons
 a - a +0 falchion (weapon)
Armour
 b - a +0 leather armour (worn)
 m - a +0 helmet (worn)
 n - a cursed +0 cloak (worn)
Scrolls
 c - 7 scrolls of identify {unknown}
 f - 6 scrolls of teleportation {unknown}
 i - a scroll of fog {unknown}
 j - a scroll of blinking {unknown}
Potions
 e - 4 potions of degeneration {unknown}
 g - 2 potions of flight {unknown}
 h - 2 potions of berserk rage {unknown}
 k - a potion of might {unknown}
 l - a potion of heal wounds {unknown}
Comestibles
 d - 3 rations
 o - 2 chunks of flesh


   Skills:
 + Level 1.9 Fighting
 * Level 3.7 Long Blades
 - Level 0.8 Armour
 + Level 2.0 Dodging
 + Level 0.5 Stealth
 - Level 1.7 Spellcasting
 - Level 2.6 Charms


You had 4 spell levels left.
You knew the following spells:

 Your Spells              Type           Power        Failure   Level  Hunger
a - Infusion              Chrm           ##..         9%          1    #......

Your spell library contained the following spells:

 Spells                   Type           Power        Failure   Level  Hunger
 Song of Slaying          Chrm           ##......     12%         2    ###....
 Shroud of Golubria       Chrm/Tloc      #.....       22%         2    ###....
 Regeneration             Chrm/Necr      #.........   38%         3    ###....
 Spectral Weapon          Hex/Chrm       #.......     38%         3    ###....


Dungeon Overview and Level Annotations

Branches:
Dungeon (3/15)


Innate Abilities, Weirdness & Mutations

You have an increased reservoir of magic. (+10% MP)


Message History

You barely miss the orc priest.
The orc priest is lightly wounded.
The orc priest barely misses you.
You riposte.
You hit the orc priest but do no damage.
The orc priest is lightly wounded.
You are too injured to fight recklessly!
You hit the orc priest but do no damage.
The orc priest is lightly wounded.
The orc priest hits you with a +0 trident.
You are too injured to fight recklessly!
You are too injured to fight recklessly!
You hit the orc priest but do no damage.
The orc priest is lightly wounded.
The orc priest hits you with a +0 trident!
* * * LOW HITPOINT WARNING * * *
You hit the orc priest.
The orc priest is lightly wounded.
The orc priest calls down the wrath of Beogh upon you.
Beogh smites you!
You die...

###
##.##################
#....#...............
##.#.#.##############
#o#o#.#.............
#o#@#.#.###########.
#.#.#.#.###########.
#.#.#.....o.o.......
#.#.###.###########.
#.#.# #.# #. #.#.#
#.# #. #.#.###.# #.
#.#).<#.# #.
#.#<#.#.# ##.


You could see an orc priest.

Vanquished Creatures
  3 adders (D:2)
  A worm (D:2)
  A leopard gecko (D:2)
  3 orcs (D:3)
  8 goblins
  A hobgoblin (D:1)
  3 ball pythons
  7 bats
  3 frilled lizards
  6 kobolds
  4 rats
40 creatures vanquished.

Vanquished Creatures (others)
  4 toadstools (D:1)
4 creatures vanquished.

Grand Total: 44 creatures vanquished

Notes
Turn   | Place    | Note
-------+----------+-------------------------------------------
     0 | D:1      | floatRand the Demigod Skald began the quest for the Orb.
     0 | D:1      | Reached XP level 1. HP: 17/17 MP: 5/5
    77 | D:1      | Reached skill level 2 in Long Blades
   587 | D:1      | Reached XP level 2. HP: 22/24 MP: 7/7
  1109 | D:2      | Reached skill level 3 in Long Blades
  1240 | D:2      | Found a hide-covered altar of Uskayaw.
  1250 | D:2      | Reached XP level 3. HP: 21/29 MP: 8/8
  3122 | D:3      | Killed from afar by an orc priest

Levels and vault maps discovered:
D:1:      ldierk_water_garden, layout_basic
D:2:      layout_rooms, old_standard_altar, minmay_misc_feat_more_columns,
          kennysheep_generic_room_3
D:3:      layout_basic, minmay_starry_boxes

Skill      XL: |  1  2  3 |
---------------+----------+-----
Long Blades    | 2 3 |  3.7
Dodging        | 2 |  2.0
Fighting       | |  1.9
Armour         | |  0.8
Stealth        | |  0.5
Spellcasting   | |  1.7
Charms         | |  2.6

Action                   || total
-------------------------++-------
Melee: Falchion          ||   132
 Stab: Sleeping          ||     1
  Eat: Chunk             ||     7
Armor: Leather armour    ||    38
Dodge: Dodged            ||    97
       Rpst.: Falchion   ||    26

Table legend:
 A = Non-vault XP
 B = Vault XP
 C = Vault XP percentage of total XP
 D = Non-vault monster count
 E = Vault monster count
 F = Vault count percentage of total count
                 A         B        C        D         E       F
            +---------+---------+-------+---------+---------+-------
      Total |     103 |       2 |   1.9 |      39 |       1 |   2.5
            +---------+---------+-------+---------+---------+-------
        D:1 |      21 |       0 |   0.0 |      15 |       0 |   0.0
        D:2 |      63 |       2 |   3.1 |      14 |       1 |   6.7
        D:3 |      19 |       0 |   0.0 |      10 |       0 |   0.0
            +---------+---------+-------+---------+---------+-------
